PAAA
NAPERVILLE BATTLEKINGS @ ATHLETIC CLUB KC RESERVES
05/27/2022
 
TOP OF THE 1ST
Naperville Battlekings batting - Pitching for Athletic Club KC Reserves : RHP Alfredo Ríos
Pitching: RHP Alfredo Ríos
Batting: RHB Kevin Tyler 0-0: Foul Ball, location: 2F
0-1: Ball
1-1: Ball
2-1: Called Strike
2-2: Ball
3-2: DOUBLE (Flyball, 78XD)
Batting: RHB Joe Ferneyhough 0-0: DOUBLE (Line Drive, 7LD)
Kevin Tyler scores
Batting: RHB Oliver Aranda 0-0: Ball
1-0: Ball
2-0: Foul Ball, location: 2F
2-1: Ball
3-1: Called Strike
3-2: Strikes out looking
Batting: LHB Cristo Ramírez 0-0: Ball
1-0: Swinging Strike
1-1: Ground out 3-1 (Groundball, 34)
Joe Ferneyhough to third
Batting: RHB Tony Sánchez 0-0: Called Strike
0-1: Foul Ball, location: 2F
0-2: Ball
1-2: Foul Ball, location: 2F
1-2: SINGLE (Line Drive, 3D)
Joe Ferneyhough scores
Batting: SHB Daryl Lloyd 0-0: Ground out 3-1 (Groundball, 34S)
Top of the 1st over - 2 run(s), 3 hit(s), 0 error(s), 1 left on base; Naperville 2 - Athletic Club KC 0
BOTTOM OF THE 1ST
Athletic Club KC Reserves batting - Pitching for Naperville Battlekings : RHP Steve Sanders
Pitching: RHP Steve Sanders
Batting: SHB Evan Adams 0-0: Ball
1-0: Fly out, F6 (Popup, 4MD)
Batting: LHB Matt Hartnett 0-0: Called Strike
0-1: Ball
1-1: Ground out 6-3 (Groundball, 6MS)
Batting: LHB Rafael García 0-0: Called Strike
0-1: Called Strike
0-2: Ball
1-2: Ground out 4-3 (Groundball, 4M)
Bottom of the 1st over - 0 run(s), 0 hit(s), 0 error(s), 0 left on base; Naperville 2 - Athletic Club KC 0
TOP OF THE 2ND
Naperville Battlekings batting - Pitching for Athletic Club KC Reserves : RHP Alfredo Ríos
Batting: RHB Earnest Veeck 0-0: Ball
1-0: Called Strike
1-1: Called Strike
1-2: Foul Ball, location: 2F
1-2: Foul Ball, location: 2F
1-2: Ground out 6-3 (Groundball, 6)
Batting: RHB Sal Haynes 0-0: Ball
1-0: Called Strike
1-1: Reached on error, E6 (Groundball, 6M)
Batting: LHB Jack Mason 0-0: Ball
1-0: Foul Ball, location: 2F
1-1: Swinging Strike
1-2: Strikes out looking
Batting: RHB Kevin Tyler 0-0: Called Strike
0-1: Called Strike
0-2: Foul Ball, location: 2F
0-2: Ball
1-2: Ball
2-2: Foul Ball, location: 2F
2-2: Foul Ball, location: 2F
2-2: Foul Ball, location: 2F
2-2: Strikes out swinging
Top of the 2nd over - 0 run(s), 0 hit(s), 1 error(s), 1 left on base; Naperville 2 - Athletic Club KC 0
BOTTOM OF THE 2ND
Athletic Club KC Reserves batting - Pitching for Naperville Battlekings : RHP Steve Sanders
Batting: RHB Adam Hennessey 0-0: Ball
1-0: Ball
2-0: Fly out, F7 (Flyball, 7D)
Batting: RHB Robert Hill 0-0: Called Strike
0-1: Fly out, F6 (Line Drive, 6)
Batting: RHB Glenn Woods 0-0: Ball
1-0: Foul Ball, location: 2F
1-1: Ball
2-1: Ball
3-1: Base on Balls
Batting: RHB Máximo Padilla 0-0: Swinging Strike
0-1: Ground out 5-3 (Groundball, 5L)
Bottom of the 2nd over - 0 run(s), 0 hit(s), 0 error(s), 1 left on base; Naperville 2 - Athletic Club KC 0
TOP OF THE 3RD
Naperville Battlekings batting - Pitching for Athletic Club KC Reserves : RHP Alfredo Ríos
Batting: RHB Joe Ferneyhough 0-0: Called Strike
0-1: Ball
1-1: Swinging Strike
1-2: Strikes out swinging
Batting: RHB Oliver Aranda 0-0: Ball
1-0: Ball
2-0: Foul Ball, location: 2F
2-1: Fly out, F3 (Line Drive, 34)
Batting: LHB Cristo Ramírez 0-0: Called Strike
0-1: Swinging Strike
0-2: Ball
1-2: SINGLE (Groundball, 3D)
Batting: RHB Tony Sánchez 0-0: Called Strike
0-1: Called Strike
0-2: Ball
1-2: Fly out, F4 (Popup, 4)
Top of the 3rd over - 0 run(s), 1 hit(s), 0 error(s), 1 left on base; Naperville 2 - Athletic Club KC 0
BOTTOM OF THE 3RD
Athletic Club KC Reserves batting - Pitching for Naperville Battlekings : RHP Steve Sanders
Batting: LHB Eduardo López 0-0: Ball
1-0: Ball
2-0: Foul Ball, location: 2F
2-1: Ball
3-1: Foul Ball, location: 2F
3-2: SOLO HOME RUN (Flyball, 9D), Distance : 369 ft
Batting: RHB Karl Stevens 0-0: Ground out 6-3 (Groundball, 6M)
Batting: SHB Evan Adams 0-0: SINGLE (Flyball, 7LS)
Batting: LHB Matt Hartnett 0-0: Fly out, F6 (Popup, 6D)
Batting: LHB Rafael García 0-0: Ball
1-0: Foul Ball, location: 2F
1-1: Foul Ball, location: 2F
1-2: Ball
Evan Adams steals 2nd base
2-2: Fly out, F8 (Flyball, 8LM)
Bottom of the 3rd over - 1 run(s), 2 hit(s), 0 error(s), 1 left on base; Naperville 2 - Athletic Club KC 1
TOP OF THE 4TH
Naperville Battlekings batting - Pitching for Athletic Club KC Reserves : RHP Alfredo Ríos
Batting: SHB Daryl Lloyd 0-0: Called Strike
0-1: Ground out 4-3 (Groundball, 4)
Batting: RHB Earnest Veeck 0-0: Ball
1-0: Called Strike
1-1: Swinging Strike
1-2: Foul Ball, location: 2F
1-2: Foul Ball, location: 2F
1-2: Strikes out swinging
Batting: RHB Sal Haynes 0-0: Ground out 5-3 (Groundball, 56S)
Top of the 4th over - 0 run(s), 0 hit(s), 0 error(s), 0 left on base; Naperville 2 - Athletic Club KC 1
BOTTOM OF THE 4TH
Athletic Club KC Reserves batting - Pitching for Naperville Battlekings : RHP Steve Sanders
Batting: RHB Adam Hennessey 0-0: Foul Ball, location: 2F
0-1: Ground out 4-3 (Groundball, 4)
Batting: RHB Robert Hill 0-0: Fly out, F5 (Line Drive, 5L)
Batting: RHB Glenn Woods 0-0: SINGLE (Groundball, 56D)
Batting: RHB Máximo Padilla 0-0: Foul Ball, location: 2F
0-1: Ball
1-1: Ball
2-1: Ball
3-1: Base on Balls
Glenn Woods to second
Batting: LHB Eduardo López 0-0: SINGLE (Groundball, 34)
Glenn Woods to third
Máximo Padilla to second
Runner from 3rd tries for Home, SAFE, no throw or cutoff
Batting: RHB Karl Stevens 0-0: Ball
1-0: SINGLE (Flyball, 9LM)
Máximo Padilla to third
Eduardo López to second
Runner from 3rd tries for Home, SAFE, no throw or cutoff
Batting: SHB Evan Adams 0-0: Ball
1-0: SINGLE (Groundball, 56D)
Eduardo López to third
Karl Stevens to second
Runner from 3rd tries for Home, SAFE, throw made home
Karl Stevens to third
Evan Adams to second
Batting: LHB Matt Hartnett 0-0: Ball
1-0: Called Strike
1-1: Foul Ball, location: 2F
1-2: Foul Ball, location: 2F
1-2: Ball
2-2: Ball
3-2: Ground out 5-3 (Groundball, 56S)
Bottom of the 4th over - 3 run(s), 4 hit(s), 0 error(s), 2 left on base; Naperville 2 - Athletic Club KC 4
TOP OF THE 5TH
Naperville Battlekings batting - Pitching for Athletic Club KC Reserves : RHP Alfredo Ríos
Batting: LHB Jack Mason 0-0: Fly out, F7 (Popup, 7S)
Batting: RHB Kevin Tyler 0-0: Ball
1-0: Ball
2-0: Ball
3-0: Called Strike
3-1: Foul Ball, location: 2F
3-2: Foul Ball, location: 2F
3-2: Foul Ball, location: 2F
3-2: Foul Ball, location: 2F
3-2: Base on Balls
Batting: RHB Joe Ferneyhough 0-0: Ball
1-0: Swinging Strike
1-1: Ball
2-1: Ball
3-1: Foul Ball, location: 2F
3-2: Base on Balls
Kevin Tyler to second
Batting: RHB Oliver Aranda 0-0: SINGLE (Groundball, 6D)
Kevin Tyler to third
Joe Ferneyhough to second
Batting: LHB Cristo Ramírez 0-0: Ball
1-0: Ball
2-0: DOUBLE (Line Drive, 8LXD)
Kevin Tyler scores
Joe Ferneyhough scores
Oliver Aranda to third
Runner from 3rd tries for Home, SAFE, no throw or cutoff
Batting: RHB Tony Sánchez 0-0: Called Strike
0-1: Called Strike
0-2: Ball
1-2: Foul Ball, location: 2F
1-2: Ball
2-2: Ball
3-2: Base on Balls
Batting: SHB Daryl Lloyd 0-0: SINGLE (Flyball, 8RS)
Cristo Ramírez to third
Tony Sánchez to second
Runner from 3rd tries for Home, SAFE, throw made home
Tony Sánchez to third
Daryl Lloyd to second
Batting: RHB Earnest Veeck 0-0: Intentional Walk
Pitching: RHP Rod Bakewell
Batting: RHB Sal Haynes 0-0: Fly out, F9 (Flyball, 89M)
Runner from 3rd tags up, SCORES, throw made
Batting: LHB Jack Mason 0-0: Ball
1-0: Called Strike
1-1: Fly out, F4 (Line Drive, 4)
Top of the 5th over - 5 run(s), 3 hit(s), 0 error(s), 2 left on base; Naperville 7 - Athletic Club KC 4
BOTTOM OF THE 5TH
Athletic Club KC Reserves batting - Pitching for Naperville Battlekings : RHP Steve Sanders
Batting: LHB Rafael García 0-0: Called Strike
0-1: Fly out, F1 (Line Drive, 13)
Batting: RHB Adam Hennessey 0-0: Foul Ball, location: 2F
0-1: Ball
1-1: Swinging Strike
1-2: SINGLE (Line Drive, 7S)
Batting: RHB Robert Hill 0-0: Called Strike
0-1: Ball
Wild Pitch!
Adam Hennessey to second
1-1: Ground out 4-3 (Groundball, 4)
Adam Hennessey to third
Batting: RHB Glenn Woods 0-0: Ball
1-0: Swinging Strike
1-1: Ball
2-1: Ground out 1-3 (Groundball, 15)
Bottom of the 5th over - 0 run(s), 1 hit(s), 0 error(s), 1 left on base; Naperville 7 - Athletic Club KC 4
TOP OF THE 6TH
Naperville Battlekings batting - Pitching for Athletic Club KC Reserves : RHP Rod Bakewell
Batting: RHB Kevin Tyler 0-0: Called Strike
0-1: Ball
1-1: Ball
2-1: Fly out, F3 (Popup, 3SF)
Batting: RHB Joe Ferneyhough 0-0: Ball
1-0: Ball
2-0: Ball
3-0: Base on Balls
Batting: RHB Oliver Aranda 0-0: Called Strike
0-1: Ball
1-1: Foul Ball, location: 2F
1-2: Foul Ball, location: 2F
1-2: Hit by Pitch
Joe Ferneyhough to second
Batting: LHB Cristo Ramírez 0-0: Ball
1-0: Swinging Strike
1-1: Ball
2-1: Fly out, F7 (Flyball, 78XD)
Runner from 2nd tags up, SAFE at 3rd, no throw
Batting: RHB Tony Sánchez 0-0: Ball
1-0: SINGLE (Flyball, 9LS)
Joe Ferneyhough scores
Oliver Aranda to second
Runner from 2nd tries for 3rd, OUT!
Top of the 6th over - 1 run(s), 1 hit(s), 0 error(s), 1 left on base; Naperville 8 - Athletic Club KC 4
BOTTOM OF THE 6TH
Athletic Club KC Reserves batting - Pitching for Naperville Battlekings : RHP Steve Sanders
Batting: RHB Máximo Padilla 0-0: Called Strike
0-1: Ball
1-1: Foul Ball, location: 2F
1-2: Strikes out looking
Batting: LHB Eduardo López 0-0: Ball
1-0: Called Strike
1-1: Ball
2-1: Foul Ball, location: 2F
2-2: Foul Ball, location: 2F
2-2: Strikes out swinging
Batting: RHB Karl Stevens 0-0: Foul Ball, location: 2F
0-1: Ground out 6-3 (Groundball, 6)
Bottom of the 6th over - 0 run(s), 0 hit(s), 0 error(s), 0 left on base; Naperville 8 - Athletic Club KC 4
TOP OF THE 7TH
Naperville Battlekings batting - Pitching for Athletic Club KC Reserves : RHP Rod Bakewell
Batting: SHB Daryl Lloyd 0-0: Called Strike
0-1: Foul Ball, location: 2F
0-2: Ball
1-2: Ball
2-2: Ball
3-2: Foul Ball, location: 2F
3-2: Foul Ball, location: 2F
3-2: Foul Ball, location: 2F
3-2: Strikes out looking
Batting: RHB Earnest Veeck 0-0: Foul Ball, location: 2F
0-1: Swinging Strike
0-2: Strikes out swinging
Batting: RHB Sal Haynes 0-0: Called Strike
0-1: Swinging Strike
0-2: Ground out 5-3 (Groundball, 5L)
Top of the 7th over - 0 run(s), 0 hit(s), 0 error(s), 0 left on base; Naperville 8 - Athletic Club KC 4
BOTTOM OF THE 7TH
Athletic Club KC Reserves batting - Pitching for Naperville Battlekings : RHP Steve Sanders
Batting: SHB Evan Adams 0-0: SINGLE (Groundball, 25) (infield hit)
Batting: LHB Matt Hartnett 0-0: Fly out, F6 (Popup, 6D)
Batting: LHB Rafael García 0-0: Ball
1-0: Ball
2-0: Foul Ball, location: 2F
2-1: Foul Ball, location: 2F
2-2: Foul Ball, location: 2F
2-2: SINGLE (Line Drive, 34)
Evan Adams to second
Batting: RHB Adam Hennessey 0-0: Called Strike
0-1: Called Strike
0-2: 3-RUN HOME RUN (Flyball, 8LXD), Distance : 425 ft
Pitching: LHP Jason Puckett
Batting: RHB Robert Hill 0-0: Called Strike
0-1: SINGLE (Groundball, 56D)
Pinch Hitting: RHB Joe Guy 0-0: Fly out, F3 (Popup, 3SF)
Batting: RHB Máximo Padilla 0-0: Ball
1-0: Foul Ball, location: 2F
1-1: Ball
2-1: Ball
3-1: Base on Balls
Robert Hill to second
Batting: LHB Eduardo López 0-0: Called Strike
0-1: SINGLE (Groundball, 5D)
Robert Hill to third
Máximo Padilla to second
Runner from 3rd tries for Home, SAFE, no throw or cutoff
Batting: RHB Karl Stevens 0-0: Ball
1-0: Ball
2-0: Swinging Strike
2-1: Ball
3-1: Base on Balls
Máximo Padilla to third
Eduardo López to second
Batting: SHB Evan Adams 0-0: Ball
1-0: Foul Ball, location: 2F
1-1: Fly out, F9 (Flyball, 89M)
Bottom of the 7th over - 4 run(s), 5 hit(s), 0 error(s), 3 left on base; Naperville 8 - Athletic Club KC 8
TOP OF THE 8TH
Naperville Battlekings batting - Pitching for Athletic Club KC Reserves : RHP Rod Bakewell
Now at 3B: Stephen Fraven
Pinch Hitting: RHB Marcus Wade 0-0: Ball
1-0: Ball
2-0: Called Strike
2-1: Called Strike
2-2: Strikes out swinging
Pinch Hitting: LHB Jim Unknown 0-0: Called Strike
0-1: Ball
1-1: Called Strike
1-2: Ball
2-2: Ball
3-2: Strikes out swinging
Pitching: RHP Jeremy Gutiérrez
Batting: RHB Joe Ferneyhough 0-0: Called Strike
0-1: Ball
1-1: Foul Ball, location: 2F
1-2: Ball
2-2: Foul Ball, location: 2F
2-2: Foul Ball, location: 2F
2-2: Foul Ball, location: 2F
2-2: Fly out, F3 (Popup, 3DF)
Top of the 8th over - 0 run(s), 0 hit(s), 0 error(s), 0 left on base; Naperville 8 - Athletic Club KC 8
BOTTOM OF THE 8TH
Athletic Club KC Reserves batting - Pitching for Naperville Battlekings : LHP Jason Puckett
Now at 2B: Marcus Wade
Pinch Hitting: RHB Ellis Martin 0-0: Ball
Now at 2B: Scott Peterson 1-0: Ball
2-0: Ball
3-0: Base on Balls
Batting: LHB Rafael García 0-0: Ball
Wild Pitch!
Ellis Martin to second
1-0: Called Strike
1-1: Ball
2-1: Ball
3-1: Ground out 1-3 (Groundball, 13S)
Ellis Martin to third
Batting: RHB Adam Hennessey 0-0: Foul Ball, location: 2F
0-1: Ball
1-1: Ball
2-1: Foul Ball, location: 2F
2-2: TRIPLE (Flyball, 78D)
Ellis Martin scores
Batting: RHB Robert Hill 0-0: Intentional Walk
Batting: SHB Stephen Fraven 0-0: Ball
1-0: Fielders Choice at 2nd, 3-6 (Groundball, 3)
Adam Hennessey scores
Pitching: RHP Colt Harris
Batting: RHB Máximo Padilla 0-0: Ball
1-0: Ball
2-0: Called Strike
2-1: Ball
3-1: Base on Balls
Stephen Fraven to second
Batting: LHB Eduardo López 0-0: Ground out 6-3 (Groundball, 56)
Bottom of the 8th over - 2 run(s), 1 hit(s), 0 error(s), 2 left on base; Naperville 8 - Athletic Club KC 10
TOP OF THE 9TH
Naperville Battlekings batting - Pitching for Athletic Club KC Reserves : RHP Jeremy Gutiérrez
Pitching: RHP Adrián Muñíz
Now in LF: Don Holmes
Batting: RHB Oliver Aranda 0-0: Called Strike
0-1: Ball
1-1: Ball
2-1: Ball
3-1: Base on Balls
Batting: LHB Cristo Ramírez 0-0: Ball
1-0: Called Strike
1-1: Swinging Strike
1-2: Ball
Balk!
Oliver Aranda to second
2-2: Ball
3-2: Base on Balls
Batting: RHB Tony Sánchez 0-0: Ball
1-0: Ball
2-0: Foul Ball, location: 2F
2-1: Reached on error, E6 (Groundball, 6)
Oliver Aranda to third
Cristo Ramírez to second
Batting: SHB Daryl Lloyd 0-0: Called Strike
0-1: Called Strike
0-2: Fielders Choice at 2nd, 3-6 (Groundball, 3)
Oliver Aranda scores
Cristo Ramírez to third
Batting: RHB Earnest Veeck 0-0: Ball
1-0: Called Strike
1-1: Ground out 5-3 (Groundball, 56S)
Daryl Lloyd to second
Batting: RHB Sal Haynes 0-0: Ball
1-0: Called Strike
1-1: SINGLE (Groundball, 6M)
Cristo Ramírez scores
Daryl Lloyd to third
Runner from 3rd tries for Home, SAFE, no throw or cutoff
Pitching: LHP Spike Wells
Batting: RHB Marcus Wade 0-0: Ball
1-0: Foul Ball, location: 2F
1-1: Called Strike
1-2: Fly out, F4 (Popup, 4D)
Top of the 9th over - 3 run(s), 1 hit(s), 1 error(s), 1 left on base; Naperville 11 - Athletic Club KC 10
BOTTOM OF THE 9TH
Athletic Club KC Reserves batting - Pitching for Naperville Battlekings : RHP Colt Harris
Pitching: RHP Ramón Elizondo
Now in LF: Alfonso Martínez
Batting: RHB Karl Stevens 0-0: Called Strike
0-1: Ball
1-1: Swinging Strike
1-2: Ball
2-2: Ball
3-2: Ground out 5-3 (Groundball, 5L)
Batting: SHB Evan Adams 0-0: Ground out 6-3 (Groundball, 6)
Batting: SHB Don Holmes 0-0: Called Strike
0-1: Foul Ball, location: 2F
0-2: Ball
1-2: Ball
2-2: Foul Ball, location: 2F
2-2: Ball
3-2: Foul Ball, location: 2F
3-2: Fly out, F7 (Flyball, 7LMF)
Bottom of the 9th over - 0 run(s), 0 hit(s), 0 error(s), 0 left on base; Naperville 11 - Athletic Club KC 10
This league is powered by Out of the Park Baseball, the baseball management simulation game for PC, Mac and Linux
Friday, April 15th, 2016 - OOTP Baseball 16.9 Build 39